 Dungeon Crawl Stone Soup version 0.29.1-12-g30fa7ad0bf (webtiles) character file.

Game seed: 7318707627117823654

53 soggyman666 the Magician (level 4, 0/31 HPs)
             Began as a Djinni Fire Elementalist on Dec 14, 2022.
             Slain by an orc
             ... wielding a +0 club
              (1 damage)
             ... on level 3 of the Dungeon.
             The game lasted 00:04:49 (2706 turns).

soggyman666 the Magician (Djinni Fire Elementalist) Turns: 2706, Time: 00:04:49

Health: 0/31       AC:  4    Str:  7    XL:     4   Next: 11%
Gold:   42         EV: 13    Int: 18    God:
                   SH:  0    Dex: 20

rFire   + + .      SeeInvis .   (no weapon)
rCold   x . .      Faith    .   (no shield)
rNeg    . . .      Spirit   .   a - +1 robe
rPois   ∞          Reflect  .   (no helmet)
rElec   .          Harm     .   (no cloak)
rCorr   .          Rampage  .   e - +0 pair of gloves
Will    .....                   (boots unavailable)
Stlth   ++........              (no amulet)
HPRegen 0.10/turn               b - +6 ring of dexterity
MPRegen 0.00/turn               (no ring)

@: flying, very slightly contaminated
A: sickness immunity, fire resistance 2, cold vulnerability 1, float, innate
caster, HP casting, extra vitality 1
a: no special abilities


You were on level 3 of the Dungeon.
You visited 1 branch of the dungeon, and saw 3 of its levels.

You collected 42 gold pieces.

Inventory:

Armour
 a - a +1 robe (worn)
 e - a +0 pair of gloves (worn)
Jewellery
 b - a +6 ring of dexterity (left hand)
Scrolls
 c - 3 scrolls of teleportation
 f - a scroll of magic mapping {unknown}
 h - a scroll of amnesia {unknown}
 k - a scroll of summoning {unknown}
Potions
 d - 2 potions of might {unknown}
 g - a potion of attraction {unknown}
 i - a potion of curing {unknown}
 j - a potion of cancellation {unknown}


   Skills:
 + Level 2.4 Dodging
 + Level 1.9 Stealth
 + Level 3.4 Spellcasting


You couldn't memorise any spells.
You knew the following spells:

 Your Spells              Type           Power      Damage    Failure   Level
a - Foxfire               Conj/Fire      60%        2x1d7     3%          1
b - Scorch                Fire           30%        2d7       6%          2
c - Conjure Flame         Conj/Fire      15%        6-21      12%         3
d - Inner Flame           Hex/Fire       15%        N/A       12%         3
e - Flame Wave            Conj/Fire      15%        2d7       36%         4
f - Sandblast             Erth           30%        2d9       3%          1
Your spell library was empty.

Dungeon Overview and Level Annotations

Branches:
Dungeon (3/15)

Altars:


Innate Abilities, Weirdness & Mutations

You are immune to sickness and miasma.
You are immune to poison.
Your flesh is very heat resistant. (rF++)
You are vulnerable to cold. (rC-)
You float through the air rather than walking.
You learn spells naturally, not from books.
Your magical power is your life essence.
You have superior vitality. (+4 MHP)


Message History

Aiming: Inner Flame (quite dangerous; 12% risk of failure)
Press: ? - help, Dir - move target, f/p - orc
Aim: an orc, wielding a +0 club and wearing a +0 leather armour (lightly wounded, chance to affect: 83%)
The orc barely resists.
The orc hits you with a +0 club.
Casting: Inner Flame (quite dangerous; 12% risk of failure)
Confirm with . or Enter, or press ? or * to list all spells.
The spell is quite dangerous to miscast (12% risk of failure)!
Continue anyway?
Aiming: Inner Flame (quite dangerous; 12% risk of failure)
Press: ? - help, Dir - move target, f/p - orc
Aim: an orc, wielding a +0 club and wearing a +0 leather armour (lightly wounded, chance to affect: 83%)
The orc is filled with an inner flame.
The orc priest looks satisfied for a moment.
The orc closely misses you.
Casting: Inner Flame (quite dangerous; 12% risk of failure)
Confirm with . or Enter, or press ? or * to list all spells.
Flames lash the orc priest.
The orc priest is moderately wounded.
The orc priest's fire resistance burns away.
The orc priest mumbles some strange prayers to Beogh against you.
Beogh smites you!
* * * LOW HITPOINT WARNING * * *
The orc hits you with a +0 club.
* * * LOW HITPOINT WARNING * * *
Casting: Scorch (safe; 6% risk of failure)
Confirm with . or Enter, or press ? or * to list all spells.
You don't have enough health to cast this spell.
Unknown command.
Casting: Scorch (safe; 6% risk of failure)
Confirm with . or Enter, or press ? or * to list all spells.
You don't have enough health to cast this spell.
Unknown command.
Casting: Scorch (safe; 6% risk of failure)
Confirm with . or Enter, or press ? or * to list all spells.
You don't have enough health to cast this spell.
The orc attacks as you move away! The orc closely misses you.
The orc priest is no longer more vulnerable to fire.
The orc attacks as you move away! The orc closely misses you.
The orc priest miscasts a cantrip.
The orc attacks as you move away! The orc hits you with a +0 club.
You die...

#.......# #..##
.........####...##
.........+.......#
.........####...##
#.......## #....#
##.....## ####.#
###...## #.# #
#+## #.# #@# #o#
#.# #.# #o# #o#
#o# .ooo....#
#########


You could see an orc priest and 3 orcs.

Vanquished Creatures
  3 adders (D:2)
  3 endoplasms
  A giant cockroach (D:2)
  3 hobgoblins
  3 kobolds
  3 ball pythons
  2 bats
  2 frilled lizards (D:2)
  5 goblins
  2 rats
27 creatures vanquished.

Vanquished Creatures (others)
  155 foxfires
155 creatures vanquished.

Grand Total: 182 creatures vanquished

Notes
Turn   | Place    | Note
-------+----------+-------------------------------------------
     0 | D:1      | soggyman666 the Djinni Fire Elementalist began the quest
                  | for the Orb.
     0 | D:1      | soggyman666 set off with the following spells memorised:
                  | Foxfire, Scorch, Conjure Flame, Inner Flame, Flame Wave.
     0 | D:1      | Reached XP level 1. HP: 15/15 MP: 0/0
   555 | D:1      | Reached XP level 2. HP: 16/21 MP: 0/0
  1107 | D:1      | Found a faded altar of an unknown god.
  1532 | D:2      | Reached skill level 3 in Spellcasting
  1715 | D:2      | Reached XP level 3. HP: 19/25 MP: 0/0
  1715 | D:2      | Learned a level 1 spell: Sandblast
  2176 | D:2      | Reached XP level 4. HP: 25/31 MP: 0/0
  2700 | D:3      | HP: 1/31 [orc/+0 club (2)]
  2706 | D:3      | Slain by an orc

Illustrated notes

Levels and vault maps discovered:
D:1:      ebering_trefoil_twist, layout_basic,
          ebering_ecumenical_altar_abandoned
D:2:      layout_loops_ring
D:3:      layout_loops_corners, hellmonk_ghost_happy_afterlife,
          nicolae_figureground_pulse

Skill      XL: |  1  2 |
---------------+-------+-----
Spellcasting   | 3 |  3.4
Dodging        | |  2.4
Stealth        | |  1.9

Action                   |  1- 3 |  4- 6 || total
-------------------------+-------+-------++-------
 Cast: Foxfire           |    91 |    11 ||   102
       Inner Flame       |       |     2 ||     2
       Scorch            |       |     1 ||     1
  Use: Scroll            |     2 |     2 ||     4
Dodge: Dodged            |     6 |     4 ||    10
